Description

At 3:00 dive into Protoss main base to scout for their technology, do not lose the reaper before that!

On the factory your 1st round of production should be Cyclone and Wm, the 2nd round Cyclone and Wm, the 3rd round 2 Hellions and after that only Widow Mines

7:30 - 8:00 Scan to see Enemy composition and adapt as necessary Whenever you reach 8+ Battlecruisers you can start to Yamato > Jump Back > Repair > Repeat You can also scan from minute to minute to keep track of the Protoss composition

Your end game infra structure is: 3 Factories (2 Tech lab 1 Reactor) and 6 Starports with Techlabs

https://www.youtube.com/watch?v=I9ZzoL9Kalw&lc=z12exhwjhk3uiphd223ovhdyaliue51rv04

VOD

https://www.reddit.com/r/starcraft/comments/62lgt9/starcraft_2_tvp_mech_build_order_with_bcs/

Replay - Bombs vs Hushang (TvP Mech Build Order)

Build Order

Get SALT Encoding   

  12  0:00  SCV  
  13  0:13  SCV  
  14  0:17  Supply Depot  
  14  0:25  SCV  
  15  0:30  Refinery  
  15  0:39  SCV  
  16  0:45  Barracks  
  16  0:52  SCV  
  17  1:04  SCV  
  18  1:16  SCV  
  20  1:32  Reaper  
  20  1:33  Orbital Command  
  20  1:45  Command Center  
  20  1:57  Factory  
  21  2:01  SCV  
  21  2:08  Barracks Reactor  
  21  2:13  Supply Depot  
  21  2:16  SCV  
  22  2:22  Refinery  
  22  2:28  SCV  
  24  2:50  Hellion x2  
  28  2:57  Orbital Command  
  30  3:15  Widow Mine  
  30  3:16  Cyclone  
  36  3:30  Supply Depot  
  37  3:50  Widow Mine, Cyclone  Scan for Air or Ground!
  37  3:54  Supply Depot  
  43  4:06  Command Center  
  45  4:20  Supply Depot  
  45  4:23  Widow Mine x2  
  51  4:31  Factory x2  
  55  4:55  Widow Mine x2  
  55  4:58  Refinery x2  
  60  5:01  Armory  
  60  5:03  Engineering Bay  
  62  5:19  Factory Tech Lab x2  
  63  5:21  Orbital Command  
  63  5:27  Hellion x2  
  70  5:40  Siege Tank  
  74  5:52  Widow Mine x2  
  74  5:53  Siege Tank  
  80  5:58  Missile Turret x2  
  81  6:16  Siege Tank  Scan ~7:30!
Spawning Tool Build Advisor. Get it on Overwolf

Go to:

Details

  • Created by: propagare
  • Published on: Apr 02, 2017
  • Modified on: Apr 02, 2017
  • Patch: 3.8.0
Show
View Real Time Build Order
Export as new Build Order

Comments (1)

On April 3, 2017, 11:48 p.m., StoicLoofah  said:

Thanks for posting this! If you switch the youtube link into the VOD field and put the reddit link into the description, you can get the video embedded directly on this site as well to get that conveniently present on this page!

Create an account to comment!